EL
SPRINGFIELD CARDINALS @ MOBILE BAYBEARS
07/08/2047
 
TOP OF THE 1ST
Springfield Cardinals batting - Pitching for Mobile BayBears : RHP Reynaldo Edwards
Pitching: RHP Reynaldo Edwards
Batting: RHB Fortunato Fteira 0-0: Foul Ball, location: 2F
0-1: Fly out, F8 (Line Drive, 78M, EV 101.9 MPH)
Batting: LHB Adam Eisen 0-0: Called Strike
0-1: Called Strike
0-2: Foul Ball, location: 2F
0-2: Foul Ball, location: 2F
0-2: Ground out 5-3 (Groundball, 5, EV 105.6 MPH)
Batting: LHB Billy Guzman 0-0: Called Strike
0-1: Ground out 6-3 (Groundball, 6, EV 76.9 MPH)
Top of the 1st over - 0 runs, 0 hits, 0 errors, 0 left on base; Springfield 0 - Mobile 0
BOTTOM OF THE 1ST
Mobile BayBears batting - Pitching for Springfield Cardinals : RHP Jim Vickers
Pitching: RHP Jim Vickers
Batting: LHB Kevin Ferguson 0-0: Ball
1-0: Called Strike
1-1: Ball
2-1: Foul Ball, location: 2F
2-2: Ball
3-2: DOUBLE (Flyball, 8LXD, EV 104.4 MPH)
Batting: LHB Jeff Densmore 0-0: Ball
1-0: Ball
2-0: Foul Ball, location: 2F
2-1: Ball
3-1: SINGLE (Groundball, 13S, EV 73.8 MPH) (infield hit)
Kevin Ferguson to third
Batting: LHB Bob Myers 0-0: Ball
1-0: Ball
Jeff Densmore is caught stealing 2nd base 2-6
2-0: Foul Ball, location: 2F
Balk!
Kevin Ferguson scores
2-1: Foul Ball, location: 2F
2-2: Fly out, F7 (Flyball, 7, EV 80.6 MPH)
Batting: RHB Dustin Clark 0-0: Ball
1-0: Ball
2-0: Fly out, F8 (Flyball, 78D, EV 105.6 MPH)
Bottom of the 1st over - 1 run, 2 hits, 0 errors, 0 left on base; Springfield 0 - Mobile 1
TOP OF THE 2ND
Springfield Cardinals batting - Pitching for Mobile BayBears : RHP Reynaldo Edwards
Batting: RHB Mark Cahill 0-0: Foul Ball, location: 2F
0-1: Ball
1-1: SINGLE (Flyball, 6MD, EV 84.4 MPH)
Batting: RHB Josh Lyon 0-0: Called Strike
0-1: Ball
1-1: Called Strike
Mark Cahill steals 2nd base
1-2: Ground out 3-1 (Groundball, 34, EV 100.6 MPH)
Mark Cahill to third
Batting: RHB Tyler Walker 0-0: Ball
1-0: Ball
2-0: Foul Ball, location: 2F
2-1: Ball
3-1: Base on Balls
Batting: RHB Josh Martin 0-0: Called Strike
0-1: Ball
1-1: Ball
2-1: Called Strike
2-2: Ball
Tyler Walker steals 2nd base
3-2: Ground out 6-3 (Groundball, 56, EV 85.0 MPH)
Mark Cahill scores
Batting: RHB Justin Reich 0-0: Called Strike
0-1: Foul Ball, location: 2F
0-2: Ball
1-2: Ball
2-2: Ground out 6-3 (Groundball, 6D, EV 88.8 MPH)
Top of the 2nd over - 1 run, 1 hit, 0 errors, 1 left on base; Springfield 1 - Mobile 1
BOTTOM OF THE 2ND
Mobile BayBears batting - Pitching for Springfield Cardinals : RHP Jim Vickers
Batting: LHB T.J. Duvall 0-0: Ball
1-0: Swinging Strike
1-1: Ball
2-1: Called Strike
2-2: Foul Ball, location: 2F
2-2: Strikes out looking
Batting: RHB Blake Beale 0-0: Called Strike
0-1: Called Strike
0-2: Ball
1-2: Ball
2-2: Strikes out swinging
Batting: RHB Carlos Ballesteros 0-0: Foul Ball, location: 2F
0-1: Ball
1-1: Foul Ball, location: 2F
1-2: Ball
2-2: Strikes out looking
Bottom of the 2nd over - 0 runs, 0 hits, 0 errors, 0 left on base; Springfield 1 - Mobile 1
TOP OF THE 3RD
Springfield Cardinals batting - Pitching for Mobile BayBears : RHP Reynaldo Edwards
Batting: RHB Josh Broome 0-0: SINGLE (Groundball, 6MD, EV 101.9 MPH)
Batting: RHB Fortunato Fteira 0-0: Called Strike
Josh Broome steals 2nd base
0-1: Ground out 5-3 (Groundball, 56S, EV 83.1 MPH)
Batting: LHB Adam Eisen 0-0: Called Strike
0-1: Ground out U3 (Groundball, 3L, EV 87.5 MPH)
Josh Broome to third
Batting: LHB Billy Guzman 0-0: Ball
1-0: Swinging Strike
1-1: Foul Ball, location: 2F
1-2: Foul Ball, location: 2F
1-2: Strikes out swinging
Top of the 3rd over - 0 runs, 1 hit, 0 errors, 1 left on base; Springfield 1 - Mobile 1
BOTTOM OF THE 3RD
Mobile BayBears batting - Pitching for Springfield Cardinals : RHP Jim Vickers
Batting: RHB Franklin Villanueva 0-0: Called Strike
0-1: Swinging Strike
0-2: Ball
1-2: Strikes out swinging
Batting: RHB Curt Barrett 0-0: Ball
1-0: Foul Ball, location: 2F
1-1: Fly out, F4 (Popup, 13, EV 74.4 MPH)
Batting: LHB Kevin Ferguson 0-0: Called Strike
0-1: Ball
1-1: Ball
2-1: Foul Ball, location: 2F
2-2: Ball
3-2: Foul Ball, location: 2F
3-2: Ground out 3-1 (Groundball, 34, EV 78.1 MPH)
Bottom of the 3rd over - 0 runs, 0 hits, 0 errors, 0 left on base; Springfield 1 - Mobile 1
TOP OF THE 4TH
Springfield Cardinals batting - Pitching for Mobile BayBears : RHP Reynaldo Edwards
Batting: RHB Mark Cahill 0-0: Fly out, F8 (Flyball, 8RD, EV 78.1 MPH)
Batting: RHB Josh Lyon 0-0: Called Strike
0-1: Ball
1-1: Ball
2-1: SINGLE (Groundball, 6MD, EV 96.2 MPH)
Batting: RHB Tyler Walker 0-0: Called Strike
0-1: Called Strike
0-2: Fielders Choice at 2nd, 3-6 (Groundball, 3S, EV 79.4 MPH)
Batting: RHB Josh Martin 0-0: Ball
1-0: Ball
2-0: Called Strike
2-1: Foul Ball, location: 2F
2-2: Foul Ball, location: 2F
2-2: Foul Ball, location: 2F
2-2: Ball
3-2: Ground out 4-3 (Groundball, 34, EV 90.6 MPH)
Top of the 4th over - 0 runs, 1 hit, 0 errors, 1 left on base; Springfield 1 - Mobile 1
BOTTOM OF THE 4TH
Mobile BayBears batting - Pitching for Springfield Cardinals : RHP Jim Vickers
Batting: LHB Jeff Densmore 0-0: Called Strike
0-1: Swinging Strike
0-2: Ball
1-2: Ball
2-2: Foul Ball, location: 2F
2-2: Ball
3-2: SINGLE (Line Drive, 7S, EV 93.8 MPH)
Batting: LHB Bob Myers 0-0: Ball
1-0: Ball
2-0: SINGLE (Line Drive, 5D, EV 99.4 MPH)
Jeff Densmore to second
Batting: RHB Dustin Clark 0-0: Ball
1-0: Fly out, F8 (Flyball, 8LM, EV 88.1 MPH)
Runner from 2nd tags up, SAFE at 3rd with throw by CF
Batting: LHB T.J. Duvall 0-0: Ball
1-0: Called Strike
1-1: Called Strike
1-2: Ball
2-2: Foul Ball, location: 2F
2-2: Ball
Passed Ball!
Jeff Densmore scores
Bob Myers to second
3-2: Foul Ball, location: 2F
3-2: Base on Balls
Batting: RHB Blake Beale 0-0: Called Strike
0-1: Called Strike
0-2: Ball
1-2: Strikes out swinging
Batting: RHB Carlos Ballesteros 0-0: Foul Ball, location: 2F
0-1: Ball
1-1: Foul Ball, location: 2F
1-2: Ball
2-2: Fly out, F7 (Flyball, 78S, EV 86.9 MPH)
Bottom of the 4th over - 1 run, 2 hits, 0 errors, 2 left on base; Springfield 1 - Mobile 2
TOP OF THE 5TH
Springfield Cardinals batting - Pitching for Mobile BayBears : RHP Reynaldo Edwards
Batting: RHB Justin Reich 0-0: Called Strike
0-1: Foul Ball, location: 2F
0-2: DOUBLE (Line Drive, 5D, EV 97.5 MPH)
Batting: RHB Josh Broome 0-0: Ball
1-0: Foul Ball, location: 2F
1-1: Foul Ball, location: 2F
1-2: Ground out 5-3 (Groundball, 56, EV 84.4 MPH)
Batting: RHB Fortunato Fteira 0-0: Swinging Strike
0-1: Fly out, F9 (Flyball, 9LM, EV 85.6 MPH)
Batting: LHB Adam Eisen 0-0: Ball
1-0: Called Strike
1-1: Ball
2-1: Ball
3-1: Base on Balls
Batting: LHB Billy Guzman 0-0: Ball
1-0: Foul Ball, location: 2F
1-1: Foul Ball, location: 2F
1-2: Foul Ball, location: 2F
1-2: Ground out 5-3 (Groundball, 5S, EV 85.0 MPH)
Top of the 5th over - 0 runs, 1 hit, 0 errors, 2 left on base; Springfield 1 - Mobile 2
BOTTOM OF THE 5TH
Mobile BayBears batting - Pitching for Springfield Cardinals : RHP Jim Vickers
Batting: RHB Franklin Villanueva 0-0: Foul Ball, location: 2F
0-1: Swinging Strike
0-2: Strikes out swinging
Batting: RHB Curt Barrett 0-0: Ball
1-0: Foul Ball, location: 2F
1-1: Foul Ball, location: 2F
1-2: Strikes out looking
Batting: LHB Kevin Ferguson 0-0: Fly out, F8 (Flyball, 89M, EV 76.2 MPH)
Bottom of the 5th over - 0 runs, 0 hits, 0 errors, 0 left on base; Springfield 1 - Mobile 2
TOP OF THE 6TH
Springfield Cardinals batting - Pitching for Mobile BayBears : RHP Reynaldo Edwards
Batting: RHB Mark Cahill 0-0: Ball
1-0: Foul Ball, location: 2F
1-1: Called Strike
1-2: Ball
2-2: Foul Ball, location: 2F
2-2: SINGLE (Line Drive, 8LS, EV 98.1 MPH)
Batting: RHB Josh Lyon 0-0: Ball
1-0: Called Strike
1-1: Ball
Mark Cahill steals 2nd base
2-1: Ball
3-1: Foul Ball, location: 2F
3-2: Ground out 5-3 (Groundball, 56S, EV 78.8 MPH)
Batting: RHB Tyler Walker 0-0: Called Strike
0-1: Ball
1-1: Swinging Strike
1-2: Fly out, F8 (Flyball, 78D, EV 87.5 MPH)
Pitching: RHP Nobuo Okazaki
Batting: RHB Josh Martin 0-0: Ball
1-0: Called Strike
1-1: Foul Ball, location: 2F
1-2: SINGLE (Flyball, 6MD, EV 97.5 MPH)
Mark Cahill to third
Runner from 3rd tries for Home, SAFE, throw by CF to home
Batting: RHB Justin Reich 0-0: Called Strike
0-1: Fly out, F8 (Flyball, 89D, EV 76.2 MPH)
Top of the 6th over - 1 run, 2 hits, 0 errors, 1 left on base; Springfield 2 - Mobile 2
BOTTOM OF THE 6TH
Mobile BayBears batting - Pitching for Springfield Cardinals : RHP Jim Vickers
Batting: LHB Jeff Densmore 0-0: Ball
1-0: Foul Ball, location: 2F
1-1: Ball
2-1: Foul Ball, location: 2F
2-2: Foul Ball, location: 2F
2-2: Ball
3-2: Fly out, F8 (Flyball, 8LM, EV 88.1 MPH)
Batting: LHB Bob Myers 0-0: Foul Ball, location: 2F
0-1: Ball
1-1: Ball
2-1: Fly out, F9 (Flyball, 9LD, EV 78.1 MPH)
Batting: RHB Dustin Clark 0-0: Ball
1-0: Ball
2-0: Ball
3-0: Base on Balls
Batting: LHB T.J. Duvall 0-0: Ball
1-0: Ball
2-0: Called Strike
2-1: Foul Ball, location: 2F
2-2: Strikes out swinging
Bottom of the 6th over - 0 runs, 0 hits, 0 errors, 1 left on base; Springfield 2 - Mobile 2
TOP OF THE 7TH
Springfield Cardinals batting - Pitching for Mobile BayBears : RHP Nobuo Okazaki
Batting: RHB Josh Broome 0-0: Called Strike
0-1: Ground out 3-1 (Groundball, 34, EV 100.0 MPH)
Batting: RHB Fortunato Fteira 0-0: Swinging Strike
0-1: Called Strike
0-2: Strikes out swinging
Batting: LHB Adam Eisen 0-0: Called Strike
0-1: Called Strike
0-2: Ground out U3 (Groundball, 13, EV 88.8 MPH)
Top of the 7th over - 0 runs, 0 hits, 0 errors, 0 left on base; Springfield 2 - Mobile 2
BOTTOM OF THE 7TH
Mobile BayBears batting - Pitching for Springfield Cardinals : RHP Jim Vickers
Batting: RHB Blake Beale 0-0: Called Strike
0-1: Fly out, F9 (Flyball, 89M, EV 87.5 MPH)
Batting: RHB Carlos Ballesteros 0-0: Ground out 4-3 (Groundball, 4, EV 99.4 MPH)
Batting: RHB Franklin Villanueva 0-0: SINGLE (Groundball, 6M, EV 99.4 MPH) (infield hit)
Batting: RHB Curt Barrett 0-0: Called Strike
0-1: Ball
1-1: Swinging Strike
1-2: Strikes out swinging
Bottom of the 7th over - 0 runs, 1 hit, 0 errors, 1 left on base; Springfield 2 - Mobile 2
TOP OF THE 8TH
Springfield Cardinals batting - Pitching for Mobile BayBears : RHP Nobuo Okazaki
Batting: LHB Billy Guzman 0-0: Foul Ball, location: 2F
0-1: Foul Ball, location: 2F
0-2: Ball
1-2: Ball
2-2: Foul Ball, location: 2F
2-2: Foul Ball, location: 2F
2-2: Ball
3-2: Foul Ball, location: 2F
3-2: Foul Ball, location: 2F
3-2: Base on Balls
Batting: RHB Mark Cahill 0-0: Called Strike
Billy Guzman steals 2nd, throwing error, E2
Billy Guzman to third
0-1: Foul Ball, location: 2F
0-2: Ball
1-2: Ball
2-2: Ball
3-2: SINGLE (Groundball, 56, EV 96.2 MPH)
Billy Guzman scores
Batting: RHB Josh Lyon 0-0: Ball
1-0: Ball
2-0: Foul Ball, location: 2F
2-1: Foul Ball, location: 2F
2-2: Fly out, F9 (Flyball, 89S, EV 87.5 MPH)
Pitching: RHP Adam Maida
Batting: RHB Tyler Walker 0-0: Called Strike
Mark Cahill is caught stealing 2nd base 2-4
0-1: Ball
1-1: DOUBLE (Line Drive, 89D, EV 111.9 MPH)
Batting: RHB Josh Martin 0-0: Ground out U3 (Groundball, 3L, EV 105.6 MPH)
Top of the 8th over - 1 run, 2 hits, 1 error, 1 left on base; Springfield 3 - Mobile 2
BOTTOM OF THE 8TH
Mobile BayBears batting - Pitching for Springfield Cardinals : RHP Jim Vickers
Batting: LHB Kevin Ferguson 0-0: Ball
1-0: Called Strike
1-1: Fly out, F7 (Flyball, 7, EV 86.2 MPH)
Batting: LHB Jeff Densmore 0-0: Called Strike
0-1: Ball
1-1: Ball
2-1: Fly out, F8 (Line Drive, 8RM, EV 90.0 MPH)
Batting: LHB Bob Myers 0-0: Called Strike
0-1: Swinging Strike
0-2: Ball
1-2: SOLO HOME RUN (Flyball, 89XD, EV 105.6 MPH), Distance : 399 ft
Batting: RHB Dustin Clark 0-0: Foul Ball, location: 2F
0-1: Ball
1-1: Ball
2-1: Ball
3-1: Swinging Strike
3-2: Base on Balls
Pitching: LHP Sid DeSensi
Pinch Hitting: RHB Edgar Garcia 0-0: Called Strike
0-1: Ground out 4-3 (Groundball, 4, EV 103.1 MPH)
Bottom of the 8th over - 1 run, 1 hit, 0 errors, 1 left on base; Springfield 3 - Mobile 3
TOP OF THE 9TH
Springfield Cardinals batting - Pitching for Mobile BayBears : RHP Adam Maida
Now at 1B: Jeremy Adams
Batting: RHB Justin Reich 0-0: Ball
1-0: Foul Ball, location: 2F
1-1: Ball
2-1: Called Strike
2-2: DOUBLE (Line Drive, 89D, EV 110.0 MPH)
Batting: RHB Josh Broome 0-0: Ball
1-0: Swinging Strike
1-1: Swinging Strike
1-2: Strikes out swinging
Batting: RHB Fortunato Fteira 0-0: Ball
1-0: Ball
2-0: Foul Ball, location: 2F
2-1: Ball
3-1: Base on Balls
Batting: LHB Adam Eisen 0-0: Sac Bunt to 13 - play at first, batter OUT! 1-4
Justin Reich to third
Fortunato Fteira to second
Batting: LHB Billy Guzman 0-0: Intentional Walk
Batting: RHB Mark Cahill 0-0: Ball
1-0: Ball
2-0: Foul Ball, location: 2F
2-1: Ball
3-1: Base on Balls
Justin Reich scores
Fortunato Fteira to third
Billy Guzman to second
Pitching: RHP Jason Hammons
Batting: RHB Josh Lyon 0-0: Called Strike
0-1: Foul Ball, location: 2F
0-2: Ball
1-2: Ball
2-2: Strikes out looking
Top of the 9th over - 1 run, 1 hit, 0 errors, 3 left on base; Springfield 4 - Mobile 3
BOTTOM OF THE 9TH
Mobile BayBears batting - Pitching for Springfield Cardinals : LHP Sid DeSensi
Pitching: LHP Carlos Salcido
Batting: RHB Blake Beale 0-0: Called Strike
0-1: Ball
1-1: Ball
2-1: Ball
3-1: Called Strike
3-2: Foul Ball, location: 2F
3-2: Foul Ball, location: 2F
3-2: Foul Ball, location: 2F
3-2: Fly out, F8 (Flyball, 8LD, EV 91.2 MPH)
Batting: RHB Carlos Ballesteros 0-0: Fly out, F7 (Flyball, 78M, EV 89.4 MPH)
Batting: RHB Franklin Villanueva 0-0: Foul Ball, location: 2F
0-1: Ball
1-1: Foul Ball, location: 2F
1-2: Strikes out swinging
Bottom of the 9th over - 0 runs, 0 hits, 0 errors, 0 left on base; Springfield 4 - Mobile 3
Thursday, December 15th , 2022 - OOTP Baseball 23.9 Build 102